 Dungeon Crawl Stone Soup version 0.29.0-15-g675c0067aa (webtiles) character file.

Game seed: 12871451271867651216

17 sanka the Chopper (level 2, 0/28 HPs)
             Began as a Naga Cinder Acolyte on Sept 11, 2022.
             Was a High Priest of Ignis.
             Slain by a jackal (2 damage)
             ... on level 1 of the Dungeon.
             The game lasted 00:00:43 (202 turns).

sanka the Chopper (Naga Cinder Acolyte)              Turns: 202, Time: 00:00:43

Health: 0/28       AC:  1    Str: 16    XL:     2   Next: 62%
Magic:  3/3        EV:  9    Int: 14    God:    Ignis [*****.]
Gold:   52         SH:  0    Dex:  6    Spells: 3/3 levels left

rFire   + . .      SeeInvis +   a - -1 hand axe (flame)
rCold   . . .      Faith    .   (no shield)
rNeg    . . .      Spirit   .   b - +0 robe
rPois   +          Reflect  .   (no helmet)
rElec   .          Harm     .   (no cloak)
rCorr   .          Rampage  .   (no gloves)
Will    .....                   (no barding)
Stlth   +.........              (no amulet)
HPRegen 0.09/turn               (no ring)
MPRegen 0.08/turn               (no ring)

@: short of breath, very slow
A: AC +0, large, see invisible, deformed body, poison resistance, slowness 2,
spit poison 1, naga tail 1
a: Spit Poison, Renounce Religion, Fiery Armour, Foxfire Swarm, Rising Flame


You were on level 1 of the Dungeon.
You worshipped Ignis.
Ignis was extremely pleased with you.
You visited 1 branch of the dungeon, and saw 1 of its levels.

You collected 52 gold pieces.


Innate Abilities, Weirdness & Mutations

Your serpentine skin is tough. (AC +0)
You have supernaturally acute eyesight. (SInv)
Armour fits poorly on your strangely shaped body.
Your system is resistant to poisons. (rPois)
You cover ground very slowly.
You can spit poison.
You have a snake-like lower body.


   Skills:
 + Level 3.4 Fighting
 + Level 3.4 Axes
 - Level 1.0 Spellcasting
 - Level 3.0 Fire Magic


You had 3 spell levels left.
You didn't know any spells.
Your spell library contained the following spells:

 Spells                   Type           Power      Damage    Failure   Level
 Scorch                   Fire           18%        2d6       12%         2

Inventory:

Hand Weapons
 a - a -1 hand axe of flaming (weapon)
Armour
 b - a +0 robe (worn)
Scrolls
 c - a scroll of poison {unknown}
 d - a scroll of brand weapon {unknown}
 e - a scroll of identify {unknown}

Dungeon Overview and Level Annotations

Branches:
Dungeon (1/15)

Altars:

▒ ▒▒▒▒. ▒.▒... ▒.▒... ▒
▒.▒.. ♣♣♣▒▒▒▒▒▒▒.▒▒▒....
♣..........▒.....▒
...............▒h▒
.......▒▒▒▒▒.▒ ▒N▒▒▒▒▒▒▒
.......▒.....▒▒▒........
.......▒......▒▒........
.......▒......▒▒........
..............'.........
▒▒▒▒▒▒▒▒(.....▒.........
▒......▒.........
▒......▒.▒.......
▒......▒.▒.......


You could see a jackal (poisoned).


Message History

The jackal bites you.
* * * LOW HITPOINT WARNING * * *
You barely miss the jackal.
The jackal is lightly wounded.
The jackal bites you.
* * * LOW HITPOINT WARNING * * *
The jackal closely misses you.
You hit the jackal but do no damage.
The jackal is lightly wounded.
The jackal bites you.
* * * LOW HITPOINT WARNING * * *
You barely miss the jackal. Your punch misses the jackal.
The jackal is lightly wounded.
The jackal bites you.
* * * LOW HITPOINT WARNING * * *
The jackal bites you.
* * * LOW HITPOINT WARNING * * *
Use which ability? (? or * to list)
Aiming: Spit Poison (2% risk of failure)
Aim: a jackal (lightly wounded, 50% to hit)
The splash of poison hits the jackal but does no damage.
The jackal is poisoned.
The jackal is lightly wounded.
The jackal bites you.
* * * LOW HITPOINT WARNING * * *
You hit the jackal but do no damage.
The jackal is moderately wounded.
The jackal bites you.
You die...

Action                   || total
-------------------------++-------
Melee: Hand axe          ||    32
Invok: Fiery Armour      ||     1
 Abil: Spit Poison       ||     4
Armor: Robe              ||     3
Dodge: Dodged            ||    24

Levels and vault maps discovered:
D:1:      psy_arrival_dodecagon, layout_basic, serial_bayou_ford_a

Notes
Turn   | Place    | Note
-------+----------+-------------------------------------------
     0 | D:1      | sanka the Naga Cinder Acolyte began the quest for the Orb.
     0 | D:1      | Reached XP level 1. HP: 21/21 MP: 2/2
    86 | D:1      | Reached XP level 2. HP: 28/28 MP: 3/3
   201 | D:1      | HP: 2/28 [jackal (1)]
   202 | D:1      | Slain by a jackal

Vanquished Creatures
  A gnoll (D:1)
  A ball python (D:1)
  3 jackals (D:1)
  A bat (D:1)
  A kobold (D:1)
7 creatures vanquished.
